 Dungeon Crawl Stone Soup version 0.27.0 (webtiles) character file.

Game seed: 16277641568201975158

15213 killington the Basher (level 11, -1/102 HPs)
             Began as a Minotaur Berserker on July 29, 2021.
             Was a High Priest of Trog.
             Slain by an unseen horror (3 damage)
             ... on level 11 of the Dungeon on July 30, 2021.
             The game lasted 00:38:19 (11592 turns).

killington the Basher (Minotaur Berserker)         Turns: 11592, Time: 00:38:19

Health: -1/102     AC: 15    Str: 22 (25) XL:     11   Next: 98%
Magic:  10/10      EV: 12    Int:  9 (10) God:    Trog [*****.]
Gold:   574        SH:  0    Dex:  8 (10) Spells: 10/10 levels left

rFire    + . .     SeeInvis .   K - +7 great mace (flame)
rCold    + . .     Faith    +   (shield currently unavailable)
rNeg     . . .     Spirit   .   C - +2 scale mail {rPois}
rPois    +         Reflect  .   P - +1 hat
rElec    .         Harm     .   b - scarf {rC+ rF+}
rCorr    .         Rampage  .   G - +0 pair of gloves
Will     .....                  i - +0 pair of boots
Stlth    +.........             f - amulet of faith
HPRegen  0.27/turn              H - +6 ring of intelligence
MPRegen  0.12/turn              k - ring of flight

@: flying
A: horns 2, retaliatory headbutt
a: Renounce Religion, Berserk, Trog's Hand, Brothers in Arms


You were on level 11 of the Dungeon.
You worshipped Trog.
Trog was extremely pleased with you.
You visited 1 branch of the dungeon, and saw 11 of its levels.

You collected 574 gold pieces.

Inventory:

Hand Weapons
 p - a +2 antimagic whip
 z - a +1 vorpal flail
 K - a +7 great mace of flaming (weapon)
 L - a +1 morningstar of flaming
Missiles
 c - 35 poisoned darts (quivered)
 q - 3 throwing nets
Armour
 b - a scarf of resistance (worn)
 i - a +0 pair of boots (worn)
 l - a +1 leather armour of cold resistance
 C - a +2 scale mail of poison resistance (worn)
 F - a +0 hat
 G - a +0 pair of gloves (worn)
 P - a +1 hat (worn)
Jewellery
 d - a ring of poison resistance
 f - an amulet of faith (around neck)
 k - a ring of flight (right hand)
 H - a +6 ring of intelligence (left hand)
 I - an amulet of regeneration
 R - an amulet of magic regeneration
Wands
 J - a wand of mindburst (29)
 M - a wand of flame (21)
 O - a wand of charming (7)
Scrolls
 a - a scroll of holy word {unknown}
 h - 3 scrolls of blinking {unknown}
 o - a scroll of enchant armour {unknown}
 r - 4 scrolls of teleportation {unknown}
 s - 3 scrolls of magic mapping {unknown}
 v - a scroll of summoning {unknown}
 x - 8 scrolls of identify {unknown}
 y - a scroll of fear {unknown}
 B - 2 scrolls of vulnerability {unknown}
 D - a scroll of noise {unknown}
 Q - a scroll of brand weapon {unknown}
Potions
 e - 4 potions of flight
 g - 2 potions of degeneration
 j - 3 potions of ambrosia
 t - a potion of mutation {unknown}
 u - 3 potions of lignification {unknown}
 w - 2 potions of brilliance {unknown}
 A - 2 potions of haste {unknown}
 E - 2 potions of attraction {unknown}
 N - a potion of cancellation {unknown}
 S - a potion of might {unknown}


   Skills:
 + Level 11.4 Fighting
 + Level 14.9 Maces & Flails
 + Level 11.2 Armour
 + Level 7.1 Dodging
 + Level 3.0 Stealth
 + Level 0.2 Unarmed Combat


You had 10 spell levels left.
You didn't know any spells.
Your spell library contained the following spells:

 Spells                   Type           Power      Damage    Failure   Level
 Animate Skeleton         Necr           0%         N/A       65%         1
 Apportation              Tloc           0%         N/A       65%         1
 Corona                   Hex            0%         N/A       65%         1
 Summon Small Mammal      Summ           0%         N/A       65%         1
 Corpse Rot               Necr/Air       N/A        N/A       78%         2
 Stone Arrow              Conj/Erth      0%         3d7       95%         3
 Animate Armour           Summ/Erth      0%         N/A       100%        4
 Excruciating Wounds      Necr           0%         N/A       100%        5
 Statue Form              Tmut/Erth      0%         N/A       100%        6
 Lehudib's Crystal Spear  Conj/Erth      0%         10d2      100%        8


Dungeon Overview and Level Annotations

Branches:
Dungeon (11/15)            Temple (0/1) D:7
   Lair: D:8-11         Orc: D:9-12

Altars:
Ashenzari
Dithmenos
Gozag
Hepliaklqana
Makhleb
Nemelex Xobeh
Qazlal
Ru
Sif Muna
Trog
Uskayaw
Wu Jian

Shops:
D:8 *

Portals:
Trove: D:10 (give +3 gold dragon scales)

Annotations:
D:5 1 runed translucent door


Innate Abilities, Weirdness & Mutations

You have a pair of horns on your head.
You reflexively headbutt those who attack you in melee.


Message History

It was a potion of curing.
You feel better.
You feel less invigorated. Something hits you but does no damage.
Something completely misses you.
The howler monkey hits you but does no damage.
You feel better. Something hits you but does no damage.
The howler monkey barely misses you.
You are too injured to fight recklessly!
You are too injured to fight recklessly!
You sock the howler monkey! You burn the howler monkey.
You headbutt the howler monkey, but do no damage.
The howler monkey is heavily wounded.
Something hits you but does no damage. The howler monkey barely misses you.
Something hits you.
* * * LOW HITPOINT WARNING * * *
You bludgeon the howler monkey!! You burn the howler monkey.
You kill the howler monkey!
Trog accepts your kill. Something hits you.
* * * LOW HITPOINT WARNING * * *
Something hits you.
* * * LOW HITPOINT WARNING * * *
You see here a howler monkey corpse.
You start resting.
Something hits you!
* * * LOW HITPOINT WARNING * * *
Something hits you but does no damage.
You start resting.
Something hits you but does no damage.
There is a strange disturbance nearby!
You feel better. Something hits you!
* * * LOW HITPOINT WARNING * * *
Something hits you but does no damage.
You bludgeon something!! You burn something.
Something hits you but does no damage. x2
Unknown command.
Something hits you but does no damage. Something hits you!
* * * LOW HITPOINT WARNING * * *
You see here a howler monkey corpse.
You barely miss something. You headbutt something.
Something hits you but does no damage. Something barely misses you.
Something hits you.
You die...

#........#
########........#
.......'........#
########).......#
######'### #††#
#†## ###.# #.{@#
#.### ... ....
..... .... ....


There were no monsters in sight!

Vanquished Creatures
  Erolcha (D:11)
  8 two-headed ogres
  Pikel (D:7)
  A cyclops (D:7)
  Joseph (D:7)
  Psyche (D:9)
  An efreet (D:11)
  A hornet (D:7)
  2 shadows
  Sigmund (D:3)
  2 wraiths
  A wyvern (D:9)
  A basilisk (D:11)
  8 yaks
  A steam dragon (D:7)
  2 acid dragons
  Duvessa (D:7)
  2 water moccasins
  Purgy (D:3)
  4 black bears
  4 orc warriors (D:9)
  A sky beast (D:5)
  2 ogres (D:5)
  A centaur (D:10)
  2 phantoms (D:5)
  A kobold brigand (D:10)
  Blork the orc (D:4)
  2 bullfrogs
  A gnoll sergeant (D:9)
  Dowan (D:7)
  3 scorpions
  A wyvern skeleton (D:7)
  A water moccasin skeleton (D:5)
  9 killer bees
  8 howler monkeys
  2 bullfrog zombies
  3 jellies
  Crazy Yiuf (D:7)
  3 orc priests
  A centaur skeleton (D:7)
  7 iguanas
  Jessica (D:2)
  6 orc wizards
  Natasha (thrice) (D:3)
  A scorpion zombie (D:5)
  A killer bee zombie (D:7)
  2 hound skeletons
  8 gnolls
  8 adders
  A river rat (D:5)
  A white imp (D:7)
  An ufetubus (D:6)
  A worm (D:5)
  2 dart slugs (D:2)
  The ghost of hawla the Sneak, a weakling DEDe (D:5)
  26 orcs
  10 ball pythons
  3 bats (D:1)
  2 endoplasms
  2 giant cockroaches
  12 goblins
  10 hobgoblins
  2 jackals (D:1)
  6 quokkas
  5 frilled lizards
  8 kobolds
  A quokka skeleton (D:2)
  5 rats
225 creatures vanquished.

Vanquished Creatures (collateral kills)
  Gastronok (D:9)
  A centaur (D:9)
2 creatures vanquished.

Vanquished Creatures (others)
  A hobgoblin (D:1)
  A kobold (D:1)
  3 plants (D:7)
5 creatures vanquished.

Grand Total: 232 creatures vanquished

Notes
Turn   | Place    | Note
-------+----------+-------------------------------------------
     0 | D:1      | killington the Minotaur Berserker began the quest for the
                  | Orb.
     0 | D:1      | Reached XP level 1. HP: 19/19 MP: 0/0
   323 | D:1      | Reached skill level 4 in Maces & Flails
   333 | D:1      | Reached XP level 2. HP: 19/27 MP: 1/1
   814 | D:1      | Reached ** piety under Trog
  1303 | D:2      | Reached XP level 3. HP: 33/33 MP: 2/2
  1673 | D:2      | Noticed Jessica
  1687 | D:2      | Killed Jessica
  1688 | D:2      | Reached XP level 4. HP: 41/41 MP: 3/3
  1725 | D:2      | Reached skill level 5 in Maces & Flails
  2214 | D:3      | Noticed Natasha
  2218 | D:3      | Killed Natasha
  2221 | D:3      | Reached XP level 5. HP: 36/47 MP: 0/4
  2428 | D:3      | Noticed Natasha
  2461 | D:3      | Killed Natasha
  2461 | D:3      | Reached *** piety under Trog
  2486 | D:3      | Noticed Purgy
  2493 | D:3      | Killed Purgy
  2494 | D:3      | Reached skill level 5 in Fighting
  2494 | D:3      | Reached skill level 6 in Maces & Flails
  2494 | D:3      | Reached XP level 6. HP: 43/56 MP: 1/5
  2570 | D:3      | Noticed Sigmund
  2578 | D:3      | Killed Sigmund
  2578 | D:3      | Noticed Natasha
  2579 | D:3      | Reached skill level 1 in Stealth
  2584 | D:3      | Killed Natasha
  2645 | D:3      | Found a faded altar of an unknown god.
  2666 | D:3      | Reached skill level 7 in Maces & Flails
  2666 | D:3      | Reached XP level 7. HP: 52/61 MP: 2/6
  3205 | D:3      | Found a shimmering blue altar of Sif Muna.
  3511 | D:4      | Noticed Blork the orc
  3518 | D:4      | Killed Blork the orc
  4364 | D:4      | Reached **** piety under Trog
  4435 | D:5      | Entered Level 5 of the Dungeon
  4554 | D:5      | Found a runed translucent door.
  4564 | D:5      | Noticed hawla's ghost (weakling DEDe)
  4576 | D:5      | Killed hawla's ghost
  4586 | D:5      | Found a runed translucent door.
  4630 | D:5      | Found a bloodstained altar of Trog.
  4790 | D:5      | Reached skill level 8 in Maces & Flails
  4960 | D:5      | Reached XP level 8. HP: 71/71 MP: 2/7
  4983 | D:5      | Reached skill level 5 in Dodging
  5207 | D:5      | Reached skill level 9 in Maces & Flails
  5209 | D:5      | Reached skill level 5 in Armour
  5460 | D:5      | Found a hide-covered altar of Uskayaw.
  5663 | D:5      | Found an ornate altar of the Wu Jian Council.
  5958 | D:6      | Found a stormy altar of Qazlal.
  5961 | D:6      | Found a sacrificial altar of Ru.
  5964 | D:6      | Found a burning altar of Makhleb.
  5967 | D:6      | Found a shadowy altar of Dithmenos.
  6150 | D:6      | Got Sif Muna's Volume of Ashen Black Rituals
  6198 | D:7      | Reached XP level 9. HP: 73/80 MP: 8/8
  6298 | D:7      | Found a hazy altar of Hepliaklqana.
  6308 | D:7      | Reached ***** piety under Trog
  6531 | D:7      | Found a runed translucent door.
  6532 | D:7      | Noticed Crazy Yiuf
  6553 | D:7      | Found a staircase to the Ecumenical Temple.
  6662 | D:7      | Reached skill level 10 in Maces & Flails
  6721 | D:7      | Noticed Joseph
  6731 | D:7      | Noticed a two-headed ogre
  6732 | D:7      | Killed Joseph
  6737 | D:7      | Killed a two-headed ogre
  7034 | D:7      | Noticed a two-headed ogre
  7035 | D:7      | Noticed a two-headed ogre
  7043 | D:7      | Killed a two-headed ogre
  7044 | D:7      | Reached skill level 11 in Maces & Flails
  7044 | D:7      | Reached XP level 10. HP: 90/90 MP: 9/9
  7049 | D:7      | Killed a two-headed ogre
  7427 | D:7      | Noticed a cyclops
  7434 | D:7      | Killed a cyclops
  7678 | D:7      | Noticed Pikel
  7679 | D:7      | Noticed Dowan
  7695 | D:7      | Killed Pikel
  7696 | D:7      | Reached skill level 12 in Maces & Flails
  7699 | D:7      | Noticed Duvessa
  7706 | D:7      | Killed Duvessa
  7710 | D:7      | Killed Dowan
  7950 | D:7      | Killed Crazy Yiuf
  8118 | D:8      | Upgraded the game from 0.27-b1-42-g19c61b19a5 to 0.27.0
  8137 | D:8      | Found Unneipiy's Island Escapes.
  8209 | D:8      | Reached skill level 10 in Armour
  8401 | D:8      | Noticed a two-headed ogre
  8408 | D:8      | Killed a two-headed ogre
  8752 | D:8      | Noticed a two-headed ogre
  8760 | D:8      | Killed a two-headed ogre
  8761 | D:8      | Reached skill level 10 in Fighting
  8761 | D:8      | Reached XP level 11. HP: 49/99 MP: 10/10
  9018 | D:9      | Noticed a two-headed ogre
  9035 | D:9      | Killed a two-headed ogre
  9036 | D:9      | Reached skill level 13 in Maces & Flails
  9061 | D:8      | Received a gift from Trog
  9461 | D:9      | Noticed Gastronok
  9746 | D:9      | Killed Gastronok
 10081 | D:9      | Noticed Psyche
 10092 | D:9      | Killed Psyche
 10442 | D:10     | Entered Level 10 of the Dungeon
 10482 | D:10     | Found a broken altar of Ashenzari.
 10488 | D:10     | Noticed a two-headed ogre
 10494 | D:10     | Killed a two-headed ogre
 10655 | D:10     | Noticed a two-headed ogre
 10659 | D:10     | Killed a two-headed ogre
 10660 | D:10     | Reached skill level 14 in Maces & Flails
 10838 | D:10     | Found an opulent altar of Gozag.
 10838 | D:10     | Found a sparkling altar of Nemelex Xobeh.
 11075 | D:10     | Found a portal to a secret trove of treasure.
 11233 | D:11     | Noticed Erolcha
 11236 | D:11     | Killed Erolcha
 11573 | D:11     | HP: 4/102 [something (5)]
 11579 | D:11     | HP: 4/102 [something (6)]
 11579 | D:11     | HP: 1/102 [howler monkey (3)]
 11589 | D:11     | HP: 1/102 [something (7)]
 11592 | D:11     | Slain by an unseen horror

Illustrated notes

Levels and vault maps discovered:
D:1:      lemuel_arrival_river_ford, layout_loops_corners, st_stairs_9,
          hex_medium, lemuel_flame_loot_1
D:2:      layout_basic, serial_forest, infiniplex_forest_lined_ring,
          infiniplex_forest_straight_2, infiniplex_forest_clump_medium,
          infiniplex_forest_lined_corner, infiniplex_forest_lined_ring,
          infiniplex_forest_clump_curved, infiniplex_forest_straight_4,
          infiniplex_forest_corner_2, infiniplex_forest_corner_2,
          kennysheep_cross_room, uniq_jessica
D:3:      layout_basic, nicolae_sif_muna_little_library, basic_ecumenical_altar,
          uniq_sigmund, uniq_natasha, uniq_purgy
D:4:      layout_cave_pods, minivault_24, uniq_blork_the_orc
D:5:      minmay_recursive_quarters, layout_basic,
          nicolae_uskayaw_murder_on_the_dancefloor, trog_hazing_becter,
          mainiacjoe_overflow_alcove_2, ebering_ghost_sewer_f
D:6:      layout_rooms, grunt_temple_overflow_cloverleaf, lemuel_old_faithful
D:7:      nzn_winding_woodlands_small
          [nzn_winding_woodlands_5x15_pathside_ponds,
          nzn_winding_woodlands_center_triple_pond,
          nzn_winding_woodlands_5x15_default], layout_loops_ring,
          mainiacjoe_overflow_concentric_impassable,
          minmay_temple_entry_mini_moons, uniq_duvessa, uniq_pikel,
          uniq_crazy_yiuf_cottage, uniq_joseph
D:8:      layout_gridville, nicolae_island_escapes
D:9:      layout_cross, uniq_psyche, uniq_gastronok
D:10:     layout_basic, grunt_temple_overflow_opulence, evilmike_ruin_ashenzari,
          enter_trove_1
D:11:     layout_roguey, grunt_lair_entry_orc_guard_hut, david_orc_4,
          uniq_erolcha

Skill      XL: |  1  2  3  4  5  6  7  8  9 10 11 |
---------------+----------------------------------+-----
Maces & Flails | 4 5 6 7 8 9 11 12 14 | 14.9
Fighting       | 4 5 6 7 8 10 11 | 11.4
Dodging        | 3 4 5 6 7 |  7.1
Armour         | 3 6 8 10 11 | 11.2
Stealth        | 1 2 3 |  3.0
Unarmed Combat | |  0.2

Action                   |  1- 3 |  4- 6 |  7- 9 | 10-12 || total
-------------------------+-------+-------+-------+-------++-------
Melee: Mace              |    77 |    17 |       |       ||    94
       Headbutt          |    10 |    11 |    53 |    43 ||   117
       Whip              |       |    37 |   178 |       ||   215
       Flail             |       |       |   101 |   130 ||   231
       Great mace        |       |       |       |   101 ||   101
       Unarmed           |       |       |       |     1 ||     1
Invok: Berserk           |     1 |     2 |     5 |     6 ||    14
       Brothers in Arms  |       |       |       |     1 ||     1
  Use: Potion            |       |       |       |     7 ||     7
 Stab: Sleeping          |       |       |     1 |       ||     1
Armor: Animal skin       |    17 |       |       |       ||    17
       Leather armour    |       |    18 |     3 |       ||    21
       Scale mail        |       |       |    87 |   144 ||   231
       Skin              |       |       |       |     1 ||     1
Dodge: Dodged            |    64 |    34 |   126 |   149 ||   373
